 Dungeon Crawl Stone Soup version 0.31-a0-4-gefa6de2278 (webtiles) character file.

Game seed: 2056666137498974885

478 cheesebisquit the Sneak (level 7, -7/57 HPs)
             Began as a Ghoul Necromancer on May 4, 2023.
             Was an Initiate of Kikubaaqudgha.
             Mangled by Duvessa
             ... wielding a +0 short sword
              (16 damage)
             ... on level 4 of the Dungeon.
             The game lasted 00:17:27 (5288 turns).

cheesebisquit the Sneak (Ghoul Necromancer)         Turns: 5288, Time: 00:17:27

Health: -7/57      AC:  3    Str:  9 (12) XL:     7   Next: 11%
Magic:  8/8        EV: 11    Int: 11 (12) God:    Kikubaaqudgha [......]
Gold:   231        SH:  0    Dex:  8 (9)  Spells: 5/9 levels left

rFire   . .          .
                       - Unarmed
rCold   + . .        (no shield)
rNeg    + + +        a - +0 robe
rPois   ∞            (no helmet)
rElec   .            (no cloak)
rCorr   .            (no gloves)
SInv    .            f - +0 pair of boots
Will    .....        (no amulet)
Stlth   +++          (no ring)
HPRegen 0.00/turn    (no ring)
MPRegen 0.11/turn

%: no passive effects
@: inhibited regen
A: claws 1, cold resistance 1, negative energy resistance 3, inhibited
regeneration, torment resistance 2, devour on kill
a: Renounce Religion


You were on level 4 of the Dungeon.
You worshipped Kikubaaqudgha.
Kikubaaqudgha was noncommittal.
You visited 1 branch of the dungeon, and saw 4 of its levels.

You collected 231 gold pieces.

Inventory:

Hand Weapons
 k - the +1 mace "Uleeriaw" {heavy, Contam Str+3 Dex+2 Stlth+}
   (You found it on level 2 of the Dungeon)

   Str:       It affects your strength (+3).
   Dex:       It affects your dexterity (+2).
   Contam:    It causes magical contamination when unequipped.
   Stlth:     It makes you more stealthy.
Missiles
 i - 16 poisoned darts
Armour
 a - a +0 robe (worn)
 f - a +0 pair of boots (worn)
Jewellery
 b - a ring of ice
Wands
 l - a wand of mindburst (5)
 u - a wand of quicksilver (2)
Scrolls
 d - a scroll of magic mapping {unknown}
 e - 3 scrolls of fog {unknown}
 h - a scroll of vulnerability {unknown}
 m - 2 scrolls of fear
 q - a scroll of silence {unknown}
 t - a scroll of identify {unknown}
Potions
 c - a potion of heal wounds {unknown}
 g - a potion of curing {unknown}
 n - 2 potions of brilliance {unknown}
 o - 2 potions of attraction {unknown}
 p - 2 potions of degeneration
 r - a potion of flight {unknown}
 s - a potion of ambrosia {unknown}


   Skills:
 + Level 3.1 Fighting
 - Level 1.7 Dodging
 + Level 5.9 Stealth
 + Level 3.8 Unarmed Combat
 - Level 1.7 Spellcasting
 + Level 4.7 Necromancy


You had 5 spell levels left.
You knew the following spells:

 Your Spells              Type           Power      Damage    Failure   Level
a - Necrotise             Necr           44%        1d6       4%          1
b - Vampiric Draining     Necr           11%        2d6       13%         3

Your spell library contained the following spells:

 Spells                   Type           Power      Damage    Failure   Level
 Magic Dart               Conj           0%         1d3       30%         1
 Animate Dead             Necr           11%        N/A       38%         4
 Call Imp                 Summ           0%         N/A       41%         2
 Mephitic Cloud           Conj/Pois/Air  0%         N/A       65%         3
 Agony                    Necr           11%        N/A       75%         5


Dungeon Overview and Level Annotations

Branches:
Dungeon (4/15)             Temple (0/1) D:4

Altars:
Kikubaaqudgha

Annotations:
D:4 Duvessa


Innate Abilities, Weirdness & Mutations

You are immune to poison.
You have sharp fingernails.
Your flesh is cold resistant. (rC+)
You are immune to negative energy. (rN+++)
You do not regenerate when monsters are visible.
You are immune to unholy pain and torment.
You thrive by killing the living.


Message History

Press: ? - help, Shift-Dir - straight line, f/p - Duvessa
Aim: Duvessa, wielding a +0 short sword, wearing a +0 leather armour and carrying a wand of flame (13) (moderately wounded, berserk, chance to affect: 47%) Duvessa resists with some effort.
Aiming: Mindburst
Press: ? - help, Shift-Dir - straight line, f/p - Duvessa
Aim: Duvessa, wielding a +0 short sword, wearing a +0 leather armour and carrying a wand of flame (13) (moderately wounded, berserk, chance to affect: 47%) Duvessa resists with some effort.
Duvessa hits you with a +0 short sword!
Okay, then.
You can't see any enemies this would affect, really read the scroll of fear?
Okay, then.
Okay, then.
Okay, then.
Aiming: Mindburst
Press: ? - help, Shift-Dir - straight line, f/p - Duvessa
Aim: Duvessa, wielding a +0 short sword, wearing a +0 leather armour and carrying a wand of flame (13) (moderately wounded, berserk, chance to affect: 47%) Duvessa's mind is blasted!
Duvessa barely misses you. Duvessa hits you with a +0 short sword!
Aiming: Mindburst
Press: ? - help, Shift-Dir - straight line, f/p - Duvessa
Aim: Duvessa, wielding a +0 short sword, wearing a +0 leather armour and carrying a wand of flame (13) (heavily wounded, berserk, chance to affect: 47%) Duvessa resists with some effort.
Duvessa hits you with a +0 short sword!
Aiming: Mindburst
Press: ? - help, Shift-Dir - straight line, f/p - Duvessa
Aim: Duvessa, wielding a +0 short sword, wearing a +0 leather armour and carrying a wand of flame (13) (heavily wounded, berserk, chance to affect: 47%) Duvessa resists with some effort.
Duvessa closely misses you. x2
Aiming: Mindburst
Press: ? - help, Shift-Dir - straight line, f/p - Duvessa
Aim: Duvessa, wielding a +0 short sword, wearing a +0 leather armour and carrying a wand of flame (13) (heavily wounded, berserk, chance to affect: 47%) Duvessa's mind is blasted!
Duvessa hits you with a +0 short sword!
* * * LOW HITPOINT WARNING * * *
It was a potion of degeneration.
There was something very wrong with that liquid.
You feel weakened.
You feel dopey.
You feel clumsy. Duvessa closely misses you.
Duvessa hits you with a +0 short sword!
You die...
Kikubaaqudgha rasps: "You have failed me!
Welcome... oblivion!"

##..##
##.......###.##......#
#.## ##.....##
#.##.##...# #.#
##...## #.##.###.##
#.# ##'## #.##.###.#
#.# #.######...)....#
#@#####
#.#.........#####
.......#
##.#.#########
.........###....###
...........#.e@....#
#.........)>.#....#.#
#............##.#.#.#
#.................#.#
.......###.....#
#.....# ####### ##...#
####


You could see Duvessa (berserk).

Vanquished Creatures
  Edmund (D:4)
  A scorpion (D:4)
  Dowan (D:4)
  A hound (D:4)
  Robin (D:3)
  6 adders
  3 gnolls (D:4)
  A white imp (D:4)
  2 worms (D:2)
  7 dart slugs
  3 orcs
  6 bats
  4 giant cockroaches
  13 goblins
  13 hobgoblins
  3 jackals (D:2)
  4 quokkas
  6 ball pythons
  4 frilled lizards
  8 kobolds
  7 rats
95 creatures vanquished.

Vanquished Creatures (collateral kills)
  2 dart slugs (D:4)
  A jackal (D:2)
3 creatures vanquished.

Grand Total: 98 creatures vanquished

Notes
Turn   | Place    | Note
-------+----------+-------------------------------------------
     0 | D:1      | cheesebisquit the Ghoul Necromancer began the quest for the
                  | Orb.
     0 | D:1      | Reached XP level 1. HP: 14/14 MP: 2/2
    97 | D:1      | Reached skill level 3 in Stealth
   198 | D:1      | Found a faded altar of an unknown god.
   296 | D:1      | Reached XP level 2. HP: 20/20 MP: 0/3
   967 | D:2      | Reached XP level 3. HP: 26/26 MP: 2/4
   999 | D:2      | Identified the +1 mace "Uleeriaw" {heavy, Contam Str+3
                  | Dex+2 Stlth+}
  1067 | D:2      | Reached skill level 1 in Unarmed Combat
  1134 | D:2      | Reached skill level 4 in Stealth
  1286 | D:2      | Reached XP level 4. HP: 21/33 MP: 1/5
  1864 | D:3      | Noticed Robin
  2468 | D:3      | Killed Robin
  2469 | D:3      | Reached skill level 1 in Fighting
  2469 | D:3      | Reached XP level 5. HP: 32/40 MP: 2/6
  3069 | D:3      | Reached skill level 5 in Stealth
  3459 | D:3      | Learned a level 3 spell: Vampiric Draining
  3694 | D:4      | Found an ancient bone altar of Kikubaaqudgha.
  3700 | D:4      | Became a worshipper of Kikubaaqudgha
  3867 | D:4      | Reached XP level 6. HP: 42/48 MP: 0/7
  3929 | D:4      | Noticed Duvessa
  3929 | D:4      | Noticed Dowan
  4137 | D:4      | Found a staircase to the Ecumenical Temple.
  4208 | D:4      | Noticed Edmund
  5250 | D:4      | Killed Edmund
  5280 | D:4      | Killed Dowan
  5281 | D:4      | Reached XP level 7. HP: 57/57 MP: 8/8
  5288 | D:4      | Mangled by Duvessa

Illustrated notes

Levels and vault maps discovered:
D:1:      shiori_arrival_maze, layout_loops_cross,
          shapermc_ecumenical_altar_venn
D:2:      layout_loops_ring
D:3:      layout_loops_ring, item_on_display_a, uniq_robin
D:4:      layout_loops_corners, kiku_gazebo_pond_becter,
          minmay_temple_entry_drinking_statues, kennysheep_generic_room_16,
          uniq_edmund, uniq_duvessa

Skill      XL: |  1  2  3  4  5  6 |
---------------+-------------------+-----
Stealth        | 3 4 5 |  5.9
Unarmed Combat | 1 2 3 |  3.8
Fighting       | 1 2 3 |  3.1
Dodging        | |  1.7
Spellcasting   | |  1.7
Necromancy     | |  4.7

Action                     |  1- 3 |  4- 6 |  7- 9 || total
---------------------------+-------+-------+-------++-------
  Melee: Unarmed           |    44 |    36 |       ||    80
   Cast: Necrotise         |    43 |   165 |       ||   208
  Evoke: Wand              |       |     8 |     7 ||    15
    Use: Potion            |       |     1 |     1 ||     2
         Scroll            |       |     3 |       ||     3
 Armour: Robe              |     7 |    14 |       ||    21
  Dodge: Dodged            |    22 |    57 |     4 ||    83

Table legend: (Time is in decaauts)
 A = Elapsed time spent in this place.
 B = Non-inter-level travel time spent in this place.
 C = Inter-level travel time spent in this place.
 D = Time resting spent in this place.
 E = Time spent auto-exploring this place.
 F = Levels seen in this place.
 G = Mean time per level.
                   A        B        C        D        E       F      G
               +--------+--------+--------+--------+--------+-----+--------+
         Total |   5287 |   4961 |    326 |    109 |   4107 |   4 | 1321.8 |
       Dungeon |   5287 |   4961 |    326 |    109 |   4107 |   4 | 1321.8 |
               +--------+--------+--------+--------+--------+-----+--------+

Top non-repeatable levels by time:
     D:4: 1710 daAuts
     D:3: 1636 daAuts
     D:2: 1102 daAuts
     D:1: 839 daAuts
